 Dungeon Crawl Stone Soup version 0.30.0-29-ga12c61a403 (webtiles) character file.

Game seed: 17088686592161493919

749 BONEBRO the Spear-Bearer (level 7, 0/58 HPs)
             Began as a Minotaur Fighter on June 22, 2023.
             Was an Initiate of Ru.
             Succumbed to their own poison gas
             ... on level 5 of the Dungeon.
             The game lasted 00:13:48 (4035 turns).

BONEBRO the Spear-Bearer (Minotaur Fighter)         Turns: 4035, Time: 00:13:49

Health: 0/58       AC:  7    Str: 22    XL:     7   Next: 48%
Magic:  6/6        EV:  9    Int:  5    God:    Ru [......]
Gold:   111        SH:  4    Dex: 10    Spells: 6/6 levels left

rFire   . . .        a - +0 trident
rCold   . . .        c - +0 buckler
rNeg    . . .        b - +0 scale mail
rPois   .            (helmet restricted)
rElec   .            z - scarf {+Inv}
rCorr   .            (no gloves)
SInv    .            (no boots)
Will    .....        (no amulet) Stlth
                     D - ring of flight
HPRegen 0.29/turn    (no ring)
MPRegen 0.10/turn

%: no passive effects
@: lethally poisoned (0 -> -39), flying
A: horns 2, retaliatory headbutt
a: Renounce Religion, Evoke Invisibility


You were on level 5 of the Dungeon.
You worshipped Ru.
Ru was noncommittal.
You visited 2 branches of the dungeon, and saw 8 of its levels.
You also visited: Sewer.

You collected 111 gold pieces.

Inventory:

Hand Weapons
 a - a +0 trident (weapon)
Missiles
 f - 9 poisoned darts (quivered)
 p - 6 silver javelins
 y - a curare-tipped dart
Armour
 b - a +0 scale mail (worn)
 c - a +0 buckler (worn)
 z - a scarf of invisibility (worn)
Jewellery
 A - a ring of ice
 D - a ring of flight (left hand)
Scrolls
 g - a scroll of noise {unknown}
 h - a scroll of enchant armour {unknown}
 j - a scroll of fog {unknown}
 k - a scroll of teleportation {unknown}
 l - a scroll of poison
 m - a scroll of torment {unknown}
 o - 3 scrolls of silence
 r - 3 scrolls of immolation
 v - 2 scrolls of fear {unknown}
 w - a scroll of enchant weapon {unknown}
 B - 3 scrolls of identify
Potions
 d - 4 potions of might
 e - a potion of attraction {unknown}
 i - a potion of haste {unknown}
 n - 2 potions of flight {unknown}
 q - a potion of cancellation {unknown}
 s - a potion of heal wounds
 t - a potion of degeneration {unknown}
 u - 2 potions of invisibility {unknown}
 x - a potion of ambrosia {unknown}
 C - 2 potions of resistance {unknown}


   Skills:
 - Level 3.7 Fighting
 - Level 10.0 Polearms
 + Level 4.2 Armour
 - Level 3.7 Shields


You had 6 spell levels left.
You didn't know any spells.
Your spell library contained the following spells:

 Spells                   Type           Power      Damage    Failure   Level
 Static Discharge         Conj/Air       0%         2-2/arc   94%         2
 Call Canine Familiar     Summ           0%         N/A       99%         3
 Dazzling Flash           Conj/Hex       0%         N/A       99%         3
 Ozocubu's Armour         Ice            0%         N/A       99%         3
 Portal Projectile        Hex/Tloc       0%         N/A       99%         3
 Volatile Blastmotes      Fire/Tloc      0%         2d10      99%         3
 Iskenderun's Mystic Bla  Conj/Tloc      0%         2d3       100%        4
 Leda's Liquefaction      Hex/Erth       0%         N/A       100%        4
 Petrify                  Tmut/Erth      0%         N/A       100%        4
 Plasma Beam              Fire/Air       0%         2x1d11    100%        6
 Starburst                Conj/Fire      0%         6d3       100%        6
 Ozocubu's Refrigeration  Ice            0%         4d7       100%        7


Dungeon Overview and Level Annotations

Branches:
Dungeon (7/15)             Temple (1/1) D:4           Sewer (visited)

Altars:
Ashenzari
Cheibriados
Dithmenos
Fedhas
Qazlal
Ru
Trog
Vehumet
Wu Jian
Yredelemnul
Zin

Shops:
D:6 [

Annotations:
D:4 3 runed translucent doors, middlethird's ghost, amateur VSAE


Innate Abilities, Weirdness & Mutations

You have a pair of horns on your head.
You reflexively headbutt those who attack you in melee.


Message History

Things that are here:
a +0 dagger; a +0 robe; 7 gold pieces You hit the orc but do no damage.
You headbutt the orc, but do no damage.
A steam dragon comes into view.
The orc hits you with a +0 short sword.
The steam dragon hisses angrily.
You hit the orc but do no damage. The orc hits you with a +0 short sword.
You hit the orc.
You kill the orc!
A scorpion comes into view. 3 gnolls come into view.
The gnoll shouts! x3
A gnoll comes into view. It is wielding a +0 whip.
The steam dragon breathes steam at you. The ball of steam hits you!!
Really read the scroll of poison? [Y]es or [N]o only, please.
Really read the scroll of poison?
Okay, then.
You are engulfed in a cloud of scalding steam.
Really read the scroll of poison?
The air fills with toxic fumes!
As you read the scroll of poison, it crumbles to dust.
Really fly into that cloud of poison gas?
The steam dragon attacks as you move away!
The steam dragon barely misses you. The steam dragon claws you.
You are engulfed in poison gas.
You are poisoned.
* * * LOW HITPOINT WARNING * * *
You feel very sick.
The steam dragon is engulfed in poison gas.
The steam dragon is poisoned.
You are engulfed in poison gas.
You are lethally poisoned!
* * * LOW HITPOINT WARNING * * *
x2 You feel extremely sick.
You are engulfed in poison gas.
You are more poisoned.
* * * LOW HITPOINT WARNING * * *
You die...

##§§§§§§§§.##
##§§§§§§§§§..#
##§§g§§§§§§§..#
#§§§§§§§§§§§..#
#§§§§§§§§§§§... #
#§.gg§§§§§§§... ..
#.g§§§§§§§§... #..
#.§.§§@§§§§... .)
#.§§D§§§§§§...
#s###§§s§§§§§§§...
#..##..§§§§§§§...
#..#§§§§§§§§§...
##.§#§§§§§§§§...
###§#§§§§§§§...
##)§#########
#D.##


You could see a steam dragon (poisoned), a scorpion and 4 gnolls.

Vanquished Creatures
  Duvessa (D:4)
  An orc warrior (D:7)
  A black bear (D:6)
  A kobold brigand (Sewer)
  Dowan (D:4)
  A hound (D:4)
  Jessica (D:2)
  An iguana (D:4)
  An orc wizard (D:5)
  7 adders
  A river rat (Sewer)
  A shadow imp (D:7)
  An ufetubus (D:5)
  9 worms
  6 dart slugs
  8 orcs
  10 ball pythons
  8 endoplasms
  7 giant cockroaches
  5 hobgoblins
  3 jackals (D:2)
  7 quokkas
  7 bats
  3 frilled lizards
  5 goblins
  13 kobolds
  12 rats
122 creatures vanquished.

Vanquished Creatures (others)
  An orc wizard (D:5)
1 creature vanquished.

Grand Total: 123 creatures vanquished

Notes
Turn   | Place    | Note
-------+----------+-------------------------------------------
     0 | D:1      | BONEBRO the Minotaur Fighter began the quest for the Orb.
     0 | D:1      | Reached XP level 1. HP: 19/19 MP: 0/0
    63 | D:1      | Reached skill level 3 in Polearms
    63 | D:1      | Reached XP level 2. HP: 24/27 MP: 1/1
   653 | D:2      | Reached skill level 4 in Polearms
   664 | D:2      | Reached XP level 3. HP: 31/33 MP: 2/2
   723 | D:2      | Found a faded altar of an unknown god.
   807 | D:2      | Noticed Jessica
   828 | D:2      | Killed Jessica
   829 | D:2      | Reached skill level 5 in Polearms
   829 | D:2      | Reached XP level 4. HP: 14/40 MP: 3/3
   954 | D:2      | Found a basalt altar of Yredelemnul.
  1667 | D:3      | Reached skill level 6 in Polearms
  1861 | D:3      | Reached XP level 5. HP: 39/46 MP: 4/4
  2135 | D:3      | Found a snail-covered altar of Cheibriados.
  2408 | D:4      | Found an ornate altar of the Wu Jian Council.
  2516 | D:4      | Found a glowing drain.
  2530 | Sewer    | Entered a sewer
  2765 | Sewer    | Reached skill level 7 in Polearms
  2765 | Sewer    | Reached XP level 6. HP: 47/52 MP: 5/5
  3022 | D:4      | Found a stormy altar of Qazlal.
  3162 | D:4      | Found a staircase to the Ecumenical Temple.
  3169 | D:4      | Reached skill level 8 in Polearms
  3171 | Temple   | Entered the Ecumenical Temple
  3231 | Temple   | Became a worshipper of Ru the Awakened
  3255 | D:4      | Found a runed translucent gate.
  3256 | D:4      | Found a runed translucent gate.
  3256 | D:4      | Found a runed translucent gate.
  3259 | D:4      | Noticed middlethird's ghost (amateur VSAE)
  3402 | D:4      | Noticed Dowan
  3403 | D:4      | Noticed Duvessa
  3417 | D:4      | Killed Duvessa
  3419 | D:4      | Killed Dowan
  3420 | D:4      | Reached skill level 9 in Polearms
  3422 | D:4      | Reached XP level 7. HP: 20/58 MP: 6/6
  3672 | D:5      | Entered Level 5 of the Dungeon
  3677 | D:5      | Got Jivem's Exposition on the Galvanic Xenotype
  3811 | D:5      | You fall into a shaft and drop 2 floors!
  3871 | D:7      | Found a bloodstained altar of Trog.
  3891 | D:6      | Found Duddiolueq's Antique Armour Shop.
  3909 | D:6      | Reached skill level 10 in Polearms
  4018 | D:5      | Noticed a steam dragon
  4035 | D:5      | Succumbed to their own poison gas

Illustrated notes

Levels and vault maps discovered:
D:1:      amcnicky_arrival_blooded_trapdoor, layout_basic
D:2:      layout_basic, basic_altar, nicolae_ecumenical_lake_church, hex_large,
          serial_bayou_crossing, uniq_jessica
D:3:      layout_loops_ring, slow_altar_2, nicolae_wormholes
D:4:      layout_loops_ring, mainiacjoe_overflow_brackets,
          nicolae_wu_jian_immortal_techniques, minmay_temple_entry_wispy,
          gup_sewer_entry_pipe, gammafunk_ghost_necromancy, uniq_duvessa
D:5:      layout_cave_pods, grunt_temple_overflow_opulence,
          makhleb_blood_cavern_becter, nzn_hepliaklqana_mist_gate, serial_shops,
          shop
D:6:      layout_layer_cave, tso_oasis_becter, mainiacjoe_overflow_paths,
          serial_shops, nicolae_shop_bloodbath_and_beyond, shop,
          nicolae_stop_n_shop_1, shop, uniq_blork_the_orc
D:7:      layout_rooms, yredelemnul_altar_generic, elyvilon_altar_1,
          nicolae_uskayaw_suspiria, trog_butcher_becter,
          lightli_bailey_entry_fortress
Temple:   nicolae_temple_ecumenical_triangle

Skill      XL: |  1  2  3  4  5  6  7 |
---------------+----------------------+-----
Polearms       | 3 4 5 6 7 9 10 | 10.0
Armour         | 4 |  4.2
Fighting       | |  3.7
Shields        | |  3.7

Action                     |  1- 3 |  4- 6 |  7- 9 || total
---------------------------+-------+-------+-------++-------
  Melee: Trident           |    87 |   237 |    48 ||   372
         Headbutt          |     3 |    26 |     7 ||    36
  Throw: Dart              |       |     1 |     1 ||     2
Ability: Evoke Invisibilit |       |     1 |       ||     1
    Use: Scroll            |       |     3 |     1 ||     4
         Potion            |       |     2 |       ||     2
   Stab: Invisible         |       |     3 |       ||     3
 Armour: Scale mail        |    28 |    56 |    15 ||    99
  Dodge: Dodged            |    23 |    73 |    16 ||   112
  Block: Buckler           |    10 |    34 |     9 ||    53
